 Dungeon Crawl Stone Soup version 0.22-a0-351-g29664b4 (webtiles) character file.

34042 Amnesiac the Spry (level 13, -13/68 HPs)
             Began as a Spriggan Hunter on Apr 12, 2018.
             Was a High Priest of Okawaru.
             Mangled by an ettin
             ... wielding a +0 dire flail
              (23 damage)
             ... on level 15 of the Dungeon.
             The game lasted 00:41:01 (21535 turns).

Amnesiac the Spry (Spriggan Hunter)                Turns: 21535, Time: 00:41:02

Health: -13/68     AC: 16    Str: 15    XL:     13   Next: 40%
Magic:  20/20      EV: 26    Int: 14    God:    Okawaru [*****.]
Gold:   899        SH:  7    Dex: 16    Spells: 11/12 levels left

rFire    . . .     SeeInvis +   a - +2 hand crossbow
rCold    + . .     Gourm    .   B - +2 buckler
rNeg     + + .     Faith    +   n - +1 pearl dragon scales
rPois    .         Spirit   .   (helmet restricted)
rElec    .         Reflect  .   C - +1 cloak "Ciugoel" {+Inv rN+ Int-4}
rCorr    .         Harm     .   (gloves unavailable)
MR       ++...                  (boots unavailable)
Stlth    ..........             H - amulet of faith
HPRegen  0.21/turn              r - ring "Kymnatt" {Ice Str+3 Int+4}
MPRegen  0.17/turn              v - ring of protection from fire

@: about to teleport, very quick
A: very small, unfitting armour, see invisible, herbivore, speed 3, slow
metabolism 2
a: Heroism, Finesse, Renounce Religion, Evoke Invisibility


You were on level 15 of the Dungeon.
You worshipped Okawaru.
Okawaru was extremely pleased with you.
You were full.

You visited 2 branches of the dungeon, and saw 16 of its levels.

You collected 1066 gold pieces.
You spent 167 gold pieces at shops.

Inventory:

Hand Weapons
 a - a +2 hand crossbow (weapon)
 b - a +2 scimitar of draining
 q - a +0 blowgun
Missiles
 d - 64 bolts (quivered)
 j - 81 poisoned needles
Armour
 n - +1 pearl dragon scales (worn)
 B - a +2 buckler (worn)
 C - the +1 cloak "Ciugoel" (worn) {+Inv rN+ Int-4}
   (You found it on level 6 of the Dungeon)

   It affects your intelligence (-4).
   It protects you from negative energy.
   It lets you turn invisible.
Jewellery
 m - an uncursed amulet of the acrobat
 r - the ring "Kymnatt" (left hand) {Ice Str+3 Int+4}
   (You found it on level 9 of the Dungeon)

   [ring of ice]

   It enhances your ice magic.
   It affects your strength (+3).
   It affects your intelligence (+4).
   It makes you vulnerable to fire.
   It protects you from cold.
 v - a ring of protection from fire (right hand)
 H - an amulet of faith (around neck)
Wands
 o - a wand of flame (25)
 y - a wand of random effects (38)
Scrolls
 c - a scroll of teleportation {!r}
 i - a scroll of amnesia {!r}
 l - 9 scrolls of remove curse {!r}
 s - 6 scrolls of magic mapping {!r}
 x - 5 scrolls of identify {!r}
 z - 2 scrolls of enchant weapon {!r}
 D - a scroll of fog {!r}
Potions
 e - a potion of lignification {!q, unknown}
 g - 5 potions of brilliance {!q}
 k - 2 potions of curing {!q}
 p - a potion of flight {!q}
 t - a potion of magic {!q}
 w - 2 potions of ambrosia {!q}
 E - 2 potions of haste {!q}
Miscellaneous
 F - a fan of gales
Comestibles
 f - 17 rations


   Skills:
 + Level 7.6 Fighting
 - Level 12.0 Crossbows
 + Level 7.2 Armour
 - Level 18.0 Dodging
 - Level 1.5 Stealth
 - Level 8.0 Invocations


You had 11 spell levels left.
You knew the following spells:

 Your Spells              Type           Power        Failure   Level  Hunger
z - Confusing Touch       Hex            #.....       90%         1    ##.....


Dungeon Overview and Level Annotations

Branches:
Dungeon (15/15)            Temple (1/1) D:5            Lair (0/6) D:11
    Orc (0/2) D:12         Vaults (0/5) D:13
 Depths: D:15

Altars:
Ashenzari
Cheibriados
Dithmenos
Elyvilon
Fedhas
Gozag
Hepliaklqana
Kikubaaqudgha
Makhleb
Nemelex Xobeh
Okawaru
Qazlal
Ru
Sif Muna
Trog
Uskayaw
Vehumet
Wu Jian
Xom
Yredelemnul
Zin
The Shining One

Shops:
D:4 (   D:6 %   D:8 [

Portals:
Trove: D:12 (give 19 potions of curing)

Annotations:
D:11 1 exclusion


Innate Abilities, Weirdness & Mutations

You are very small and have problems with some larger weapons.
You are too small for most types of armour.
You have supernaturally acute eyesight. (SInv)
You are a herbivore.
You cover ground extremely quickly.
You need to consume almost no food.


Message History

Press: ? - help, Shift-Dir - straight line, f/p - slime creature
Aim: a slime creature (lightly wounded)
You shoot a bolt. The bolt hits the slime creature!!
The slime creature is heavily wounded.
You block the slime creature's attack.
Firing (i - inventory)
d - 70 bolts (quivered)
Press: ? - help, Shift-Dir - straight line, f/p - slime creature
Aim: a slime creature (moderately wounded)
You shoot a bolt. The bolt hits the slime creature!
The slime creature is heavily wounded.
The slime creature misses you.
Firing (i - inventory)
d - 69 bolts (quivered)
Press: ? - help, Shift-Dir - straight line, f/p - slime creature
Aim: a slime creature (heavily wounded)
You shoot a bolt.
The bolt hits the slime creature but does no damage.
The slime creature is heavily wounded.
The slime creature hits you!
Firing (i - inventory)
d - 68 bolts (quivered)
Press: ? - help, Shift-Dir - straight line, f/p - slime creature
Aim: a slime creature (heavily wounded)
You shoot a bolt. The bolt hits the slime creature!
The slime creature is severely wounded.
You block the slime creature's attack.
A white ugly thing opens the door.
Firing (i - inventory)
d - 67 bolts (quivered)
Press: ? - help, Shift-Dir - straight line, f/p - slime creature
Aim: a slime creature (severely wounded)
You shoot a bolt. The bolt hits the slime creature.
The slime creature is severely wounded.
You block the slime creature's attack.
The ettin appears out of thin air!
The slime creature barely misses you.
Firing (i - inventory)
d - 66 bolts (quivered)
Press: ? - help, Shift-Dir - straight line, f/p - slime creature
Aim: a slime creature (severely wounded)
You shoot a bolt. The ettin shouts in stereo!
The bolt hits the slime creature!
The slime creature is almost dead.
You hear a shout!
The slime creature hits you but does no damage.
The slime creature misses you.
A wizard comes into view. It is wielding a dagger.
Really read
c - 2 scrolls of teleportation {!r}?
As you read the scroll of teleportation {!r}, it crumbles to dust.
You feel strangely unstable.
The slime creature hits you but does no damage.
The ettin closely misses you. The ettin completely misses you.
Two slime creatures merge to form a large slime creature.
The wizard casts a spell.
The wizard seems to speed up.
The slime creature closely misses you.
Found a book of Enchantments and a scroll of identify.
A large slime creature splits.
Firing (i - inventory)
d - 65 bolts (quivered)
Press: ? - help, Shift-Dir - straight line, f/p - slime creature
Aim: a slime creature (almost dead)
You shoot a bolt. The bolt hits the slime creature.
The slime creature is almost dead.
The slime creature hits you!
* * * LOW HITPOINT WARNING * * *
The ettin hits you with a dire flail!!
* * * LOW HITPOINT WARNING * * *
The ettin hits you with a dire flail!!
You die...

##.# #.u....# ####..#
####.uu.<.## #....##
#...........
#...(######u..<......#
#....((J...###########
#...(#####.#?#?#?#:#:
###### #J#.........
#)#.........
#.#@........
#.#JC...p...
#.J.........
###.........
#......... #.........
#......... #?#?#:#:#?
#########


You could see an ettin, 2 slime creatures and a wizard.

Vanquished Creatures
  Fannar (D:12)
  3 hydras
  A dancing weapon (D:13)
  5 two-headed ogres
  A tengu warrior (D:11)
  A centaur warrior (D:11)
  A skeletal warrior (D:12)
  An unseen horror (D:15)
  Pikel (D:9)
  An oklob plant (D:12)
  4 cyclopes
  2 manticores
  10 ugly things
  The ghost of Soeti the Insei, a novice OpTm of Cheibriados (D:5)
  A gargoyle (D:12)
  3 kobold demonologists (D:13)
  The ghost of Soeti the Skirmisher, a novice OpFi (D:4)
  2 komodo dragons
  A tengu conjurer (D:11)
  2 trolls
  A hornet (D:8)
  7 hippogriffs
  A spriggan (D:7)
  A centaur simulacrum (D:10)
  A vampire (D:10)
  16 yaks
  Grum (D:9)
  A wyvern (D:9)
  A wraith (D:12)
  4 hungry ghosts
  7 vampire mosquitoes (D:14)
  2 water moccasins
  2 black bears
  5 ice beasts
  3 orc warriors
  2 slaves (D:9)
  3 sky beasts
  A necrophage (D:13)
  An eye of draining (D:14)
  8 ogres
  3 phantoms
  16 centaurs
  2 wolves (D:9)
  Blork the orc (D:6)
  6 big kobolds
  7 bullfrogs
  The ghost of Amnesiac the Bolt Thrower, an amateur SpHu (D:3)
  A wyvern zombie (D:13)
  A wyvern skeleton (D:12)
  A scorpion (D:9)
  19 wights
  A howler monkey (D:13)
  11 crimson imps
  6 centaur zombies
  8 jellies
  5 orc priests
  3 hounds
  8 orc wizards
  Crazy Yiuf (D:7)
  3 centaur skeletons
  6 iguanas
  A bullfrog skeleton (D:11)
  11 worker ants
  A hound zombie (D:10)
  2 hound skeletons
  16 adders
  4 gnolls (D:4)
  6 shadow imps
  An ooze (D:2)
  An adder zombie (D:7)
  2 adder skeletons
  6 worms
  4 dart slugs
  5 leopard geckos
  49 orcs
  7 giant cockroaches
  11 hobgoblins
  15 jackals
  28 kobolds
  6 quokkas
  A ball python zombie (D:6)
  4 bats
  10 frilled lizards
  12 goblins
  2 jackal skeletons (D:5)
  A leopard gecko skeleton (D:4)
  A quokka zombie (D:7)
  10 rats
438 creatures vanquished.

Vanquished Creatures (others)
  A manticore (D:11)
  A slave (D:9)
  2 centaurs (D:11)
  2 orc wizards (D:9)
  An adder (D:9)
  An orc (D:9)
  3 plants (D:12)
11 creatures vanquished.

Grand Total: 449 creatures vanquished

Notes
Turn   | Place    | Note
-------+----------+-------------------------------------------
     0 | D:1      | Amnesiac the Spriggan Hunter began the quest for the Orb.
     0 | D:1      | Reached XP level 1. HP: 10/10 MP: 2/2
     7 | D:1      | You fall through a shaft!
   230 | D:1      | Reached XP level 2. HP: 12/14 MP: 3/3
   978 | D:1      | Reached skill level 5 in Crossbows
   978 | D:1      | Reached XP level 3. HP: 17/18 MP: 4/4
  1585 | D:3      | Noticed Amnesiac's ghost (amateur SpHu)
  1630 | D:2      | Found a glowing silver altar of Zin.
  1871 | D:1      | Reached XP level 4. HP: 21/22 MP: 5/5
  2833 | D:3      | Reached XP level 5. HP: 14/25 MP: 6/6
  3329 | D:3      | Killed Amnesiac's ghost
  3588 | D:3      | Reached XP level 6. HP: 30/30 MP: 7/7
  4063 | D:4      | Noticed Soeti's ghost (novice OpFi)
  4087 | D:4      | Reached XP level 7. HP: 33/33 MP: 8/8
  4103 | D:4      | Killed Soeti's ghost
  4300 | D:4      | Found Bukusom's Weapon Boutique.
  4316 | D:4      | Bought 25 bolts for 60 gold pieces
  4368 | D:4      | Reached skill level 10 in Crossbows
  4720 | D:5      | Entered Level 5 of the Dungeon
  4788 | D:5      | Reached XP level 8. HP: 37/37 MP: 9/9
  5000 | D:5      | Noticed Soeti's ghost (novice OpTm)
  5052 | D:5      | Killed Soeti's ghost
  5250 | D:5      | Found a staircase to the Ecumenical Temple.
  5260 | Temple   | Entered the Ecumenical Temple
  5368 | Temple   | Became a worshipper of Warmaster Okawaru
  5698 | D:6      | Noticed Blork the orc
  5705 | D:6      | Killed Blork the orc
  6198 | D:6      | Found Qytirgh's Food Shop.
  6204 | D:6      | Found a sparkling altar of Nemelex Xobeh.
  6506 | D:6      | Reached skill level 1 in Invocations
  6583 | D:6      | Got an ichor-stained cloak
  6824 | D:7      | Reached XP level 9. HP: 26/41 MP: 9/11
  7286 | D:7      | Reached * piety under Okawaru
  7368 | D:7      | Found a runed door.
  7696 | D:7      | Reached skill level 5 in Invocations
  8175 | D:7      | Noticed Crazy Yiuf
  8203 | D:7      | Killed Crazy Yiuf
  8214 | D:7      | Identified the +1 cloak "Ciugoel" {+Inv rN+ Int-4} (You found it on level 6 of the Dungeon)
  8615 | D:8      | Found Orchurph's Antique Armour Shop.
  8667 | D:8      | Bought a glowing robe for 107 gold pieces
  9310 | D:8      | Found an opulent altar of Gozag.
  9314 | D:8      | Reached ** piety under Okawaru
  9314 | D:8      | Reached skill level 1 in Armour
  9413 | D:8      | Reached XP level 10. HP: 25/46 MP: 17/17
  9851 | D:9      | Found a shattered altar of Ashenzari.
 10021 | D:9      | Noticed Pikel
 10063 | D:9      | Killed Pikel
 10215 | D:9      | Got a fine lead ring
 10335 | D:9      | Noticed Grum
 10372 | D:9      | Killed Grum
 10390 | D:9      | Reached skill level 4 in Dodging
 10769 | D:10     | Entered Level 10 of the Dungeon
 10802 | D:10     | Reached *** piety under Okawaru
 11373 | D:10     | Reached skill level 5 in Dodging
 12135 | D:11     | Learned a level 1 spell: Confusing Touch
 12141 | D:11     | Noticed a purple ugly thing
 12142 | D:11     | Noticed a manticore
 12250 | D:10     | Killed a green ugly thing
 12250 | D:10     | Received a gift from Okawaru
 12435 | D:11     | Reached skill level 6 in Dodging
 12481 | D:11     | Noticed a tengu warrior
 12485 | D:11     | Reached skill level 5 in Armour
 12666 | D:11     | Reached XP level 11. HP: 38/54 MP: 16/18
 12742 | D:11     | Reached **** piety under Okawaru
 12998 | D:12     | Found a portal to a secret trove of treasure.
 13131 | D:12     | Noticed an oklob plant
 13322 | D:12     | Found a staircase to the Orcish Mines.
 13322 | D:12     | Noticed a white ugly thing
 13354 | D:12     | Killed a white ugly thing
 13354 | D:12     | Reached skill level 5 in Fighting
 13591 | D:11     | Noticed a centaur warrior
 13596 | D:11     | Identified the ring "Kymnatt" {Ice Str+3 Int+4} (You found it on level 9 of the Dungeon)
 13615 | D:11     | Killed a centaur warrior
 13615 | D:11     | Reached ***** piety under Okawaru
 14176 | D:10     | Received a gift from Okawaru
 14360 | D:11     | Found a staircase to the Lair.
 14574 | D:11     | Reached skill level 7 in Dodging
 14584 | D:11     | Killed a tengu warrior
 14584 | D:11     | Reached skill level 8 in Dodging
 14907 | D:11     | Noticed a red ugly thing
 14927 | D:11     | Noticed a two-headed ogre
 15054 | D:12     | Noticed a two-headed ogre
 15081 | D:12     | Killed a two-headed ogre
 15081 | D:12     | Reached skill level 9 in Dodging
 15090 | D:12     | Noticed Fannar
 15115 | D:12     | Killed Fannar
 15115 | D:12     | Reached skill level 10 in Dodging
 15195 | D:12     | Noticed an eight-headed hydra
 15240 | D:12     | Killed an eight-headed hydra
 15240 | D:12     | Reached skill level 11 in Dodging
 15432 | D:12     | Reached XP level 12. HP: 62/62 MP: 16/19
 15442 | D:12     | Noticed a two-headed ogre
 15453 | D:12     | Reached skill level 12 in Dodging
 15453 | D:12     | Killed a two-headed ogre
 15534 | D:12     | Found an opulent altar of Gozag.
 15645 | D:12     | Noticed a five-headed hydra
 15679 | D:12     | Killed a five-headed hydra
 15679 | D:12     | Reached skill level 13 in Dodging
 15767 | D:12     | Found a hide-covered altar of Uskayaw.
 16042 | D:13     | Noticed a two-headed ogre
 16056 | D:13     | Killed a two-headed ogre
 16056 | D:13     | Reached skill level 14 in Dodging
 16073 | D:13     | Noticed a two-headed ogre
 16085 | D:13     | Killed a two-headed ogre
 16268 | D:13     | Received a gift from Okawaru
 16482 | D:13     | Reached skill level 15 in Dodging
 16882 | D:13     | Received a gift from Okawaru
 17209 | D:13     | Reached skill level 16 in Dodging
 17267 | D:13     | Found a gate to the Vaults.
 17313 | D:13     | Received a gift from Okawaru
 18063 | D:14     | Reached skill level 17 in Dodging
 18092 | D:14     | Received a gift from Okawaru
 18094 | D:14     | Noticed a seven-headed hydra
 18121 | D:14     | Noticed a two-headed ogre
 18152 | D:14     | Killed a two-headed ogre
 18229 | D:14     | Received a gift from Okawaru
 18315 | D:14     | Killed a seven-headed hydra
 18315 | D:14     | Reached XP level 13. HP: 21/65 MP: 20/20
 18444 | D:14     | Reached skill level 18 in Dodging
 18868 | D:14     | Received a gift from Okawaru
 19415 | D:14     | Received a gift from Okawaru
 19879 | D:15     | Entered Level 15 of the Dungeon
 21227 | D:15     | Received a gift from Okawaru
 21380 | D:15     | Noticed an ettin
 21535 | D:15     | Mangled by an ettin

Vault maps used:
D:1:      minmay_arrival_checkered_box, hangedman_glass_teeth
D:2:      lemuel_upstairs_altar, first_ration
D:4:      serial_shops, nicolae_shop_trees
D:5:      minmay_temple_entry_statues_pillars
D:6:      cheibrodos_thug_alley, overflow_temple_1_default, serial_shops,
          shop_fountains, uniq_blork_the_orc
D:7:      the_bakery, uniq_crazy_yiuf_cottage
D:8:      serial_shops, nicolae_shop_statue_plus, nicolae_gozag_seed_capital
D:9:      grunt_ashenzari_visionary, uniq_pikel, uniq_grum
D:11:     lair_entry_dummy, evilmike_minifort
D:12:     orc_0_dummy, basic_altar, enter_trove_1, minmay_misc_feat_chi,
          lemuel_oklob_altar, uniq_fannar
D:13:     erik_vaults_1
D:14:     hangedman_decor_growths, lemuel_flamethrower_hall
D:15:     hangedman_depths_entry_civil_slaughter, nrook_pool_corridor,
          serial_shops, shop, minmay_librarian
Temple:   kilobyte_greek_temple

Skill      XL: |  1  2  3  4  5  6  7  8  9 10 11 12 13 |
---------------+----------------------------------------+-----
Crossbows      | 5 6 7 8 10 12 | 12.0
Invocations    | 1 8 |  8.0
Armour         | 1 5 6 7 |  7.2
Fighting       | 4 6 7 |  7.6
Dodging        | 6 11 17 18 | 18.0
Stealth        | |  1.5

Action                   |  1- 3 |  4- 6 |  7- 9 | 10-12 | 13-15 || total
-------------------------+-------+-------+-------+-------+-------++-------
Melee: Short sword       |   171 |    22 |       |       |       ||   193
       Dagger            |       |       |    75 |       |       ||    75
       Scimitar          |       |       |   118 |   666 |     1 ||   785
 Fire: Hand crossbow     |    13 |   190 |   324 |   426 |   315 ||  1268
Throw: Throwing net      |       |       |     1 |     2 |       ||     3
Invok: Heroism           |       |       |     1 |    21 |       ||    22
       Finesse           |       |       |       |     7 |       ||     7
 Abil: Evoke Invisibilit |       |       |       |     1 |       ||     1
Evoke: Wand              |       |       |     1 |    32 |       ||    33
       Fan of gales      |       |       |       |     1 |       ||     1
  Use: Scroll            |     2 |       |    11 |     3 |     1 ||    17
       Potion            |       |       |     5 |     7 |     1 ||    13
 Stab: Sleeping          |     6 |     3 |     1 |     1 |       ||    11
       Invisible         |       |       |       |     8 |       ||     8
       Confused          |       |       |       |     3 |       ||     3
  Eat: Ration            |       |     2 |     1 |     5 |     4 ||    12
Armor: Robe              |    17 |     4 |    21 |       |       ||    42
       Pearl dragon scal |       |       |    16 |   294 |    36 ||   346
Dodge: Dodged            |   152 |    60 |   163 |   768 |   125 ||  1268
Block: Buckler           |       |       |    74 |   402 |    55 ||   531
       Rpst.: Scimitar   |       |       |    25 |   163 |     1 ||   189

Table legend:
 A = Spawn XP
 B = Non-spawn XP
 C = Spawn XP percentage of total XP
 D = Spawn monster count
 E = Non-spawn monster count
 F = Spawn count percentage of total count
 G = Total turns spent on level
                    A         B        C        D         E        F      G
               +---------+---------+-------+---------+---------+-------+---------
         Total |       0 |   48632 |   0.0 |       0 |     438 |   0.0 | 21535
               +---------+---------+-------+---------+---------+-------+---------
           D:1 |       0 |      60 |   0.0 |       0 |      28 |   0.0 |  1231
           D:2 |       0 |     112 |   0.0 |       0 |      33 |   0.0 |  1267
           D:3 |       0 |     210 |   0.0 |       0 |      27 |   0.0 |  1168
           D:4 |       0 |    1039 |   0.0 |       0 |      33 |   0.0 |  1054
           D:5 |       0 |     672 |   0.0 |       0 |      16 |   0.0 |   831
           D:6 |       0 |     670 |   0.0 |       0 |      25 |   0.0 |  1068
           D:7 |       0 |    1480 |   0.0 |       0 |      43 |   0.0 |  1504
           D:8 |       0 |    1450 |   0.0 |       0 |      24 |   0.0 |  1572
           D:9 |       0 |    2221 |   0.0 |       0 |      26 |   0.0 |   927
          D:10 |       0 |    3245 |   0.0 |       0 |      24 |   0.0 |  2135
          D:11 |       0 |    4727 |   0.0 |       0 |      38 |   0.0 |  1319
          D:12 |       0 |    9875 |   0.0 |       0 |      36 |   0.0 |  1869
          D:13 |       0 |    8667 |   0.0 |       0 |      37 |   0.0 |  1835
          D:14 |       0 |   12859 |   0.0 |       0 |      43 |   0.0 |  3520
          D:15 |       0 |    1345 |   0.0 |       0 |       5 |   0.0 |    88
               +---------+---------+-------+---------+---------+-------+---------
